 Dungeon Crawl Stone Soup version 0.27-a0-343-gfcad680f63 (webtiles) character file.

Game seed: 6348465605885233206

125 wampuh the Covert (level 5, -1/47 HPs)
             Began as a Gnoll Delver on Feb 15, 2021.
             Killed by divine providence
             ... invoked by an orc priest
              (12 damage)
             ... on level 4 of the Dungeon.
             The game lasted 00:01:33 (955 turns).

wampuh the Covert (Gnoll Delver)                     Turns: 955, Time: 00:01:33

Health: -1/47      AC:  3    Str: 12    XL:     5   Next: 9%
Magic:  7/7        EV: 13    Int: 10    God:
Gold:   0          SH:  0    Dex: 13    Spells: 6/6 levels left

rFire    . . .     SeeInvis .   a - +0 spear
rCold    . . .     Faith    .   (no shield)
rNeg     . . .     Spirit   .   b - +0 leather armour
rPois    .         Reflect  .   (no helmet)
rElec    .         Harm     .   (no cloak)
rCorr    .         Rampage  .   (no gloves)
Will     .....                  (no boots)
Stlth    ++++......             (no amulet)
HPRegen  0.15/turn              (no ring)
MPRegen  0.10/turn              (no ring)

@: no status effects
A: distributed training, fangs 1, strong nose
a: no special abilities


You were on level 4 of the Dungeon.
You visited 1 branch of the dungeon, and saw 2 of its levels.

Inventory:

Hand Weapons
 a - a +0 spear (weapon)
Armour
 b - a +0 leather armour (worn)
Wands
 g - a wand of digging (3)
Scrolls
 c - a scroll of fog
 d - a scroll of magic mapping
 e - a scroll of fear
Potions
 f - a potion of haste
 h - a potion of lignification {unknown}
 i - a potion of attraction {unknown}


   Skills:
 + Level 6.6 Fighting
 + Level 1.3 Short Blades
 + Level 1.3 Long Blades
 + Level 1.3 Axes
 + Level 1.3 Maces & Flails
 + Level 4.7 Polearms
 + Level 1.3 Staves
 + Level 1.3 Slings
 + Level 1.3 Bows
 + Level 1.3 Crossbows
 + Level 1.3 Throwing
 + Level 1.3 Armour
 + Level 4.7 Dodging
 + Level 9.6 Stealth
 + Level 1.3 Shields
 + Level 1.3 Unarmed Combat
 + Level 1.3 Spellcasting
 + Level 1.1 Conjurations
 + Level 1.1 Hexes
 + Level 1.1 Summonings
 + Level 1.1 Necromancy
 + Level 1.1 Translocations
 + Level 1.1 Transmutations
 + Level 1.1 Fire Magic
 + Level 1.1 Ice Magic
 + Level 1.1 Air Magic
 + Level 1.1 Earth Magic
 + Level 1.1 Poison Magic
 + Level 1.5 Invocations
 + Level 1.3 Evocations


You had 6 spell levels left.
You didn't know any spells.
Your spell library was empty.

Dungeon Overview and Level Annotations

Branches:
Dungeon (5/15)
 Temple: D:4-7

Altars:


Innate Abilities, Weirdness & Mutations

Your experience applies equally to all skills.
You have very sharp teeth.
Your uncanny sense of smell can sniff out nearby items.


Message History

You start resting.
Magic restored.
You start resting.
An orc priest is nearby!
An orc priest is nearby!
You reach to attack!
The orc priest shouts!
You hit the orc priest but do no damage.
You closely miss the orc priest.
The orc priest calls down the wrath of Beogh upon you.
Pain shoots through your body!
You barely miss the orc priest. Your bite misses the orc priest.
The orc priest hits you with a +0 short sword.
You hit the orc priest but do no damage.
You bite the orc priest, but do no damage.
The orc priest invokes the aid of Beogh against you.
Pain shoots through your body!
You are too injured to fight recklessly!
You are too injured to fight recklessly!
You are too injured to fight recklessly!
You hit the orc priest.
The orc priest is lightly wounded.
The orc priest invokes the aid of Beogh against you.
Beogh smites you!
* * * LOW HITPOINT WARNING * * *
You hear a shout!
You hit the orc priest but do no damage.
The orc priest is lightly wounded.
An ogre comes into view. It is wielding a +0 giant club.
The orc priest hits you with a +0 short sword.
* * * LOW HITPOINT WARNING * * *
You hit the orc priest but do no damage.
The orc priest is lightly wounded.
Your leather armour prevents you from hitting the orc priest.
The orc priest is lightly wounded.
The orc priest looks encouraged for a moment.
The orc priest looks satisfied for a moment.
The orc priest mumbles some strange prayers to Beogh against you.
Beogh smites you!
You die...

# #.# #
#.#.##.##.#∆
#......†..# #. #.#
#. #.# ##.##O#
.####...#o#
..........#
####..@###.# ###
#.......# # ..#
####.###.#. #.#
#.# #.# #.# #.#
#.# #.#
#.####.####.#
#)#.........######
#>#.#.....ooo.....
#.#.#.#####.#.###.


You could see an ogre and an orc priest.

Vanquished Creatures
  A bullfrog skeleton (D:5)
  An iguana (D:4)
  2 worker ants
  2 adders (D:5)
  2 orcs (D:4)
  A quokka (D:4)
  A frilled lizard (D:4)
10 creatures vanquished.

Vanquished Creatures (others)
  2 plants (D:5)
2 creatures vanquished.

Grand Total: 12 creatures vanquished

Notes
Turn   | Place    | Note
-------+----------+-------------------------------------------
     0 | D:5      | Reached skill level 9 in Stealth
     0 | D:5      | wampuh the Gnoll Delver began the quest for the Orb.
     0 | D:5      | Reached XP level 1. HP: 23/23 MP: 1/1
     9 | D:5      | Reached XP level 2. HP: 24/29 MP: 2/2
    35 | D:5      | Reached skill level 1 in Invocations
    35 | D:5      | Reached XP level 3. HP: 19/35 MP: 2/4
   224 | D:5      | Reached skill level 1 in Short Blades
   224 | D:5      | Reached skill level 1 in Long Blades
   224 | D:5      | Reached skill level 1 in Axes
   224 | D:5      | Reached skill level 1 in Maces & Flails
   224 | D:5      | Reached skill level 1 in Staves
   224 | D:5      | Reached skill level 1 in Slings
   224 | D:5      | Reached skill level 1 in Bows
   224 | D:5      | Reached skill level 1 in Crossbows
   224 | D:5      | Reached skill level 1 in Throwing
   224 | D:5      | Reached skill level 1 in Armour
   224 | D:5      | Reached skill level 1 in Shields
   224 | D:5      | Reached skill level 1 in Unarmed Combat
   224 | D:5      | Reached skill level 1 in Spellcasting
   224 | D:5      | Reached skill level 1 in Evocations
   224 | D:5      | Reached XP level 4. HP: 19/41 MP: 5/5
   520 | D:4      | Reached skill level 1 in Conjurations
   520 | D:4      | Reached skill level 1 in Hexes
   520 | D:4      | Reached skill level 1 in Summonings
   520 | D:4      | Reached skill level 1 in Necromancy
   520 | D:4      | Reached skill level 1 in Translocations
   520 | D:4      | Reached skill level 1 in Transmutations
   520 | D:4      | Reached skill level 1 in Fire Magic
   520 | D:4      | Reached skill level 1 in Ice Magic
   520 | D:4      | Reached skill level 1 in Air Magic
   520 | D:4      | Reached skill level 1 in Earth Magic
   520 | D:4      | Reached skill level 1 in Poison Magic
   886 | D:4      | Reached XP level 5. HP: 31/47 MP: 5/7
   948 | D:4      | Noticed an ogre
   955 | D:4      | Killed from afar by an orc priest

Illustrated notes

Levels and vault maps discovered:
D:4:      layout_loops_ring, minmay_temple_entry_from_below_b,
          ebering_dispersal_statue_hall, hangedman_decor_diamond_cutter,
          chequers_serial_rivers_room_b, uniq_ijyb
D:5:      layout_basic, guppyfry_early_lair_pool

Skill      XL: |  1  2  3  4 |
---------------+-------------+-----
Stealth        | |  9.6
Invocations    | 1 |  1.5
Short Blades   | 1 |  1.3
Long Blades    | 1 |  1.3
Axes           | 1 |  1.3
Maces & Flails | 1 |  1.3
Staves         | 1 |  1.3
Slings         | 1 |  1.3
Bows           | 1 |  1.3
Crossbows      | 1 |  1.3
Throwing       | 1 |  1.3
Armour         | 1 |  1.3
Shields        | 1 |  1.3
Unarmed Combat | 1 |  1.3
Spellcasting   | 1 |  1.3
Evocations     | 1 |  1.3
Conjurations   | 1 |  1.1
Hexes          | 1 |  1.1
Summonings     | 1 |  1.1
Necromancy     | 1 |  1.1
Translocations | 1 |  1.1
Transmutations | 1 |  1.1
Fire Magic     | 1 |  1.1
Ice Magic      | 1 |  1.1
Air Magic      | 1 |  1.1
Earth Magic    | 1 |  1.1
Poison Magic   | 1 |  1.1
Fighting       | |  6.6
Polearms       | |  4.7
Dodging        | |  4.7

Action                   |  1- 3 |  4- 6 || total
-------------------------+-------+-------++-------
Melee: Spear             |    30 |    48 ||    78
       Bite              |     2 |     3 ||     5
       Punch             |       |     1 ||     1
 Stab: Sleeping          |     1 |     3 ||     4
Armor: Leather armour    |     4 |     3 ||     7
Dodge: Dodged            |    13 |    15 ||    28

Table legend: (Time is in decaauts)
 A = Elapsed time spent in this place.
 B = Non-inter-level travel time spent in this place.
 C = Inter-level travel time spent in this place.
 D = Time resting spent in this place.
 E = Time spent auto-exploring this place.
 F = Levels seen in this place.
 G = Mean time per level.
                   A        B        C        D        E       F      G
               +--------+--------+--------+--------+--------+-----+--------+
         Total |    945 |    945 |      0 |    763 |     26 |   2 |  472.5 |
       Dungeon |    945 |    945 |      0 |    763 |     26 |   2 |  472.5 |
               +--------+--------+--------+--------+--------+-----+--------+

Top non-repeatable levels by time:
     D:5: 563 daAuts
     D:4: 381 daAuts
